 Dungeon Crawl Stone Soup version 0.17-a0-2127-g1cb09f6 (webtiles) character file.

75 truemonolith the Magician (level 4, 0/24 HPs)
             Began as a Deep Elf Conjurer on Oct 23, 2015.
             Killed by nerve-wracking pain
             ... invoked by an orc priest
              (12 damage)
             ... on level 3 of the Dungeon.
             The game lasted 00:08:51 (2292 turns).

truemonolith the Magician (Deep Elf Conjurer)       Turns: 2292, Time: 00:08:51

Health: 0/24       AC:  4    Str:  5    XL:     4   Next: 11%
Magic:  10/14      EV: 13    Int: 21    God:
Gold:   150        SH:  0    Dex: 15    Spells: 1 memorised, 14 levels left

rFire  . . .     SeeInvis .     g - +2 dagger (elec)
rCold  . . .     Clarity  .     a - +0 robe
rNeg   . . .     SustAt   .     (no shield)
rPois  .         Gourm    .     n - +0 helmet
rElec  .         Spirit   .     (no cloak)
rCorr  .         Warding  .     (no gloves)
rMut   .         Stasis   .     r - +0 pair of boots
MR     .....                    (no amulet)
Stlth  ++........               (no ring)
                                (no ring)

@: not resistant to hostile enchantments, unstealthy
A: no striking features
a: no special abilities


You were on level 3 of the Dungeon.
You were hungry.

You visited 1 branch of the dungeon, and saw 3 of its levels.

You collected 150 gold pieces.

Inventory:

Hand Weapons
 g - a +2 dagger of electrocution (weapon)
 l - a +1 short sword of venom
Armour
 a - a +0 robe (worn)
 n - a +0 helmet (worn)
 r - a +0 pair of boots (worn)
Scrolls
 d - a scroll of fear {unknown}
 e - 2 scrolls of remove curse {unknown}
 h - a scroll of random uselessness {unknown}
 j - a scroll of recharging {unknown}
 p - 3 scrolls of identify {unknown}
 t - a scroll of blinking {unknown}
 u - a scroll of amnesia {unknown}
Potions
 i - a potion of haste {unknown}
 k - 3 potions of lignification {unknown}
 o - a potion of degeneration {unknown}
 q - a potion of poison {unknown}
 s - 2 potions of curing {unknown}
Books
 b - a book of Conjurations

   Spells                             Type                      Level
   a - Magic Dart                     Conjuration                  1
   b - Searing Ray                    Conjuration                  2
   c - Dazzling Spray                 Conjuration/Hexes            3
   d - Fulminant Prism                Conjuration/Hexes            4
   e - Iskenderun's Mystic Blast      Conjuration                  4
   f - Iskenderun's Battlesphere      Conjuration/Charms           5
Comestibles
 c - 4 bread rations
 f - 2 meat rations
 m - 2 fruits


   Skills:
 - Level 2.4 Dodging
 - Level 2.4 Stealth
 * Level 6.0 Spellcasting
 - Level 4.3 Conjurations


You had 14 spell levels left.
You knew the following spells:

 Your Spells              Type           Power        Failure   Level  Hunger
a - Magic Dart            Conj           ###.         1%          1    None


Dungeon Overview and Level Annotations

Branches:
Dungeon (3/15)

Altars:


Message History

The magic dart hits the orc priest.
The orc priest is lightly wounded.
Casting: Magic Dart
Confirm with . or Enter, or press ? or * to list all spells.
Aiming: Magic Dart
Press: ? - help, Shift-Dir - straight line, f/p - orc priest
Aim: an orc priest, wielding a mace and wearing a leather armour (lightly wounded)
The magic dart hits the orc priest.
The orc priest is lightly wounded.
Casting: Magic Dart
Confirm with . or Enter, or press ? or * to list all spells.
Aiming: Magic Dart
Press: ? - help, Shift-Dir - straight line, f/p - orc priest
Aim: an orc priest, wielding a mace and wearing a leather armour (lightly wounded)
The magic dart hits the orc priest.
The orc priest is moderately wounded.
The orc priest invokes the aid of Beogh against you.
Pain shoots through your body!
Ouch! That really hurt!
You die...

#.###..####
#..........
#.#....# #......#
##...<#.#
...........#
.............
.....).....########
...........##...@.#
...........##.###.#
...........##.# #.#
..######.####.# #.#
..######.####.# #o#
..<.(.......#.# #.#
..######.##.#.# #.#
..# #.##.#.# #.#
.........##.#.# #.#


You could see an orc priest.

Vanquished Creatures
  2 adders (D:2)
  An ooze (D:2)
  A worm (D:2)
  A giant gecko (D:2)
  2 giant cockroaches (D:2)
  7 goblins
  4 hobgoblins
  11 kobolds
  A quokka (D:2)
  7 bats
  6 giant newts
  9 rats
52 creatures vanquished.

Notes
Turn   | Place    | Note
--------------------------------------------------------------
     0 | D:1      | truemonolith the Deep Elf Conjurer began the quest for the Orb.
     0 | D:1      | Reached XP level 1. HP: 10/10 MP: 6/6
   273 | D:1      | Reached XP level 2. HP: 15/15 MP: 2/8
  1006 | D:2      | Reached skill level 5 in Spellcasting
  1006 | D:2      | Reached XP level 3. HP: 19/19 MP: 6/11
  1792 | D:2      | Reached XP level 4. HP: 24/24 MP: 7/13
  1809 | D:2      | Reached skill level 6 in Spellcasting
  2292 | D:3      | Killed from afar by an orc priest

Vault maps used:
D:1:      shiori_arrival_maze
D:2:      serial_co_window_serial, co_window_corner_a, co_window_paths_b,
          co_window_of_opportunity_a, co_window_paths_a, co_window_paths_a,
          co_window_paths_c, co_window_paths_c, co_window_of_opportunity_b,
          co_window_paths_c, co_window_corner_ca, co_window_corner_b,
          co_window_paths_e, glass_columns_c, glass_columns_b, glass_columns_a,
          glass_columns_b, glass_columns_b, first_bread, minivault_25

Action                   |  1- 3 |  4- 6 || total
-------------------------+-------+-------++-------
 Cast: Magic Dart        |    85 |    13 ||    98
  Eat: Chunk             |     2 |     1 ||     3
